 Dungeon Crawl Stone Soup version 0.30.0-10-gfe55d96785 (webtiles) character file.

Game seed: 4455723799427096962

926 H0rd4k the Charlatan (level 8, -6/58 HPs)
             Began as a Human Artificer on May 15, 2023.
             Mangled by an ogre
             ... wielding a +0 giant club
              (16 damage)
             ... on level 5 of the Dungeon.
             The game lasted 00:05:24 (3055 turns).

H0rd4k the Charlatan (Human Artificer)              Turns: 3055, Time: 00:05:26

Health: -6/58      AC:  4    Str: 12    XL:     8   Next: 32%
Magic:  9/9        EV: 14    Int: 13    God:
Gold:   248        SH:  0    Dex: 15    Spells: 9/9 levels left

rFire   . . .        p - +0 dagger (venom)
rCold   . . .        (no shield)
rNeg    . . .        b - +0 leather armour
rPois   .            (no helmet)
rElec   .            (no cloak)
rCorr   .            g - +0 pair of gloves
SInv    .            (no boots)
Will    .....        s - amulet of regeneration
Stlth   ++           (no ring)
HPRegen 1.09/turn    (no ring)
MPRegen 0.11/turn

%: no passive effects
@: lethally poisoned (-6 -> -8)
A: no striking features
a: no special abilities


You were on level 5 of the Dungeon.
You visited 1 branch of the dungeon, and saw 5 of its levels.

You collected 248 gold pieces.

Inventory:

Hand Weapons
 p - a +0 dagger of venom (weapon)
Missiles
 j - 8 boomerangs
 y - a throwing net
Armour
 b - a +0 leather armour (worn)
 e - a +2 robe of willpower
 g - a +0 pair of gloves (worn)
Magical Staves
 w - a staff of death
Jewellery
 s - an amulet of regeneration (around neck)
Wands
 c - a wand of flame (5) (quivered)
 d - a wand of charming (11)
 r - a wand of light (2)
 x - a wand of digging (5)
Scrolls
 f - 3 scrolls of immolation {unknown}
 h - 2 scrolls of identify {unknown}
 l - a scroll of blinking {unknown}
 o - a scroll of fear {unknown}
 q - a scroll of teleportation {unknown}
 v - a scroll of amnesia {unknown}
 z - a scroll of noise {unknown}
 A - a scroll of silence {unknown}
Potions
 a - a potion of attraction {unknown}
 i - a potion of brilliance {unknown}
 k - 3 potions of invisibility {unknown}
 m - a potion of berserk rage {unknown}
 n - 2 potions of might {unknown}
 t - a potion of degeneration {unknown}
 u - a potion of curing {unknown}


   Skills:
 + Level 3.5 Fighting
 - Level 0.8 Short Blades
 - Level 0.6 Maces & Flails
 - Level 2.0 Armour
 + Level 5.3 Dodging
 + Level 4.0 Stealth
 * Level 1.2 Spellcasting
 + Level 5.3 Evocations


You had 9 spell levels left.
You didn't know any spells.
Your spell library contained the following spells:

 Spells                   Type           Power      Damage    Failure   Level
 Cigotuvi's Dreadful Rot  Necr/Pois/Air  0%         N/A       47%         2
 Ignite Poison            Fire/Tmut/Pois 0%         N/A       71%         3
 Freezing Cloud           Conj/Ice/Air   0%         6-21      100%        5


Dungeon Overview and Level Annotations

Branches:
Dungeon (5/15)
 Temple: D:4-7

Altars:
Wu Jian


Message History

The ogre shouts!
Something shouts, "Slither away, thou froward sow-suckled clam!"
You see here an iguana skeleton.
You hit the scorpion but do no damage.
The scorpion stings you but does no damage.
You barely miss the scorpion. The scorpion barely misses you.
You completely miss the scorpion. The scorpion closely misses you.
You barely miss the scorpion. The scorpion barely misses you.
You hit the scorpion but do no damage.
The scorpion is poisoned.
The scorpion stings you! The scorpion stings you.
You are poisoned.
The scorpion poisons you!
You barely miss the scorpion.
The scorpion is moderately wounded.
You feel very sick. The scorpion closely misses you.
You hit the scorpion but do no damage.
The scorpion looks as sick as possible!
The scorpion is moderately wounded.
You feel sick. The scorpion stings you!
You are more poisoned.
The scorpion poisons you!
You hit the scorpion but do no damage.
The scorpion looks as sick as possible!
The scorpion is almost dead.
You feel very sick.
You kill the scorpion!
Your Stealth skill increases to level 4!
You hit the ogre.
The ogre is poisoned.
The ogre is lightly wounded.
You feel very sick. The ogre barely misses you.
You barely miss the ogre.
The ogre is lightly wounded.
You feel sick.
The ogre hits you with a +0 giant club!!
* * * LOW HITPOINT WARNING * * *
You hit the ogre.
The ogre looks as sick as possible!
The ogre is moderately wounded.
You feel very sick. The ogre attacks as you move away!
The ogre hits you with a +0 giant club!
You die...

##.# ####....#... #.##
#........ #..#####....###.
####.#........#
##......###....# .
#..##.### ###### ...###.
#.# .......###.#
#############
#...O@.###.....##.....
......####.##.............
...## #.......>........ #
###### #...)............
#....###.#..............
#.##...#.#............>.
#)####).................
#.# ###.#..............
#.# #)##.............


You could see an ogre (extremely poisoned).

Vanquished Creatures
  Pikel (D:4)
  2 lemures (D:4)
  Blork the orc (D:4)
  2 scorpions (D:5)
  An orc priest (D:3)
  A sleepcap (D:5)
  Ijyb (D:4)
  An orc wizard (D:4)
  An iguana (D:5)
  5 adders
  3 gnolls (D:5)
  3 worms
  3 dart slugs
  11 orcs
  5 bats
  2 endoplasms
  3 giant cockroaches
  3 goblins
  5 hobgoblins
  2 jackals (D:2)
  5 kobolds
  3 quokkas (D:1)
  8 ball pythons
  2 frilled lizards
  2 rats (D:1)
76 creatures vanquished.

Vanquished Creatures (others)
  A gnoll (D:5)
  2 orcs (D:3)
3 creatures vanquished.

Grand Total: 79 creatures vanquished

Notes
Turn   | Place    | Note
-------+----------+-------------------------------------------
     0 | D:1      | H0rd4k the Human Artificer began the quest for the Orb.
     0 | D:1      | Reached XP level 1. HP: 15/15 MP: 1/1
     0 | D:1      | Noticed a minotaur zombie
    17 | D:1      | Noticed a demonspawn zombie
    21 | D:1      | Noticed a merfolk zombie
    23 | D:1      | Noticed a merfolk zombie
   220 | D:1      | Reached XP level 2. HP: 19/21 MP: 2/2
   562 | D:2      | Reached XP level 3. HP: 17/26 MP: 3/3
   987 | D:2      | Reached XP level 4. HP: 16/32 MP: 4/4
  1634 | D:3      | HP: 1/32 [orc priest/divine providence (17)]
  1637 | D:3      | Reached XP level 5. HP: 2/37 MP: 5/5
  2230 | D:4      | Noticed Ijyb
  2247 | D:4      | Killed Ijyb
  2310 | D:4      | Found an ornate altar of the Wu Jian Council.
  2310 | D:4      | Noticed Blork the orc
  2313 | D:4      | Killed Blork the orc
  2314 | D:4      | Reached XP level 6. HP: 44/44 MP: 6/6
  2388 | D:4      | Noticed Pikel
  2687 | D:4      | Killed Pikel
  2688 | D:4      | Reached skill level 5 in Evocations
  2688 | D:4      | Reached XP level 7. HP: 52/52 MP: 7/7
  2688 | D:4      | Reached XP level 8. HP: 58/58 MP: 8/8
  2760 | D:5      | Entered Level 5 of the Dungeon
  2818 | D:5      | Reached skill level 5 in Dodging
  3006 | D:5      | Reached skill level 1 in Spellcasting
  3055 | D:5      | Mangled by an ogre

Illustrated notes

Levels and vault maps discovered:
D:1:      shiori_arrival_whats_in_store_for_you, layout_basic
D:2:      layout_basic
D:3:      layout_basic, kennysheep_nub
D:4:      layout_basic, nicolae_wu_jian_wuxing_cycle, uniq_ijyb, uniq_pikel,
          uniq_blork_the_orc
D:5:      layout_rooms

Skill      XL: |  1  2  3  4  5  6  7  8 |
---------------+-------------------------+-----
Evocations     | 4 5 |  5.3
Dodging        | 2 3 4 5 |  5.3
Fighting       | 2 3 |  3.5
Stealth        | 2 3 4 |  4.0
Spellcasting   | 1 |  1.2
Short Blades   | |  0.8
Maces & Flails | |  0.6
Armour         | |  2.0

Action                     |  1- 3 |  4- 6 |  7- 9 || total
---------------------------+-------+-------+-------++-------
  Melee: Club              |    40 |       |       ||    40
         Mace              |    50 |       |       ||    50
         Dagger            |    15 |   148 |    60 ||   223
         Punch             |       |     1 |     1 ||     2
  Evoke: Wand              |     2 |    15 |     7 ||    24
   Stab: Sleeping          |     1 |     3 |       ||     4
         Invisible         |       |     2 |       ||     2
 Armour: Leather armour    |    44 |    30 |     7 ||    81
  Dodge: Dodged            |    93 |    89 |    31 ||   213
